 Dungeon Crawl Stone Soup version 0.23-a0-612-gcb482e9 (console) character file.

93 Duffy the Skirmisher (level 4, -5/25 HPs)
             Began as a Vine Stalker Fighter on Dec 21, 2018.
             Slain by a worm (7 damage)
             ... on level 3 of the Dungeon.
             The game lasted 00:01:19 (903 turns).

Duffy the Skirmisher (Vine Stalker Fighter)          Turns: 903, Time: 00:01:20

Health: -5/25      AC:  7    Str: 20    XL:     4   Next: 62%
Magic:  0/5        EV:  7    Int:  8    God:
Gold:   33         SH:  9    Dex: 13    Spells: 3/3 levels left

rFire    . . .     SeeInvis .   a - +0 war axe
rCold    . . .     Gourm    .   c - +0 shield
rNeg     . . .     Faith    .   b - +0 scale mail
rPois    .         Spirit   +   j - +0 helmet
rElec    .         Reflect  .   (no cloak)
rCorr    .         Harm     .   (no gloves)
MR       .....                  (no boots)
Stlth    ..........             (no amulet)
HPRegen  0.48/turn              (no ring)
MPRegen  0.09/turn              (no ring)

@: lethally poisoned (-5 -> -6)
A: fangs 2, regeneration 1, magic shield, antimagic bite, no potion heal 3, rot
immunity
a: no special abilities


You were on level 3 of the Dungeon.
You were not hungry.

You visited 1 branch of the dungeon, and saw 3 of its levels.

You collected 33 gold pieces.

Inventory:

Hand Weapons
 a - a +0 war axe (weapon)
Armour
 b - a +0 scale mail (worn)
 c - a +0 shield (worn)
 j - a +0 helmet (worn)
Scrolls
 g - a scroll of teleportation {unknown}
 i - a scroll of noise {unknown}
 k - a scroll of fog {unknown}
Potions
 d - a potion of might
 e - a potion of degeneration {unknown}
 h - 2 potions of heal wounds {unknown}
Comestibles
 f - a ration


   Skills:
 + Level 3.8 Fighting
 + Level 3.2 Axes
 - Level 2.4 Armour
 - Level 2.6 Shields


You had 3 spell levels left.
You didn't know any spells.
Your spell library was empty.

Dungeon Overview and Level Annotations

Branches:
Dungeon (3/15)

Altars:

Portals:
Sewer: D:3

Annotations:
D:3 Ijyb


Innate Abilities, Weirdness & Mutations

You have extremely sharp teeth.
Your natural rate of healing is unusually fast.
When hurt, damage is shared between your health and your magic reserves.
Your bite disrupts and absorbs the magic of your enemies.
Potions cannot restore your health.
You are immune to rotting.


Message History

Your bite misses the adder.
The adder is lightly wounded.
You feel sick. The adder bites you. The adder barely misses you.
You miss the adder.
You feel sick. The adder barely misses you. You block the adder's attack.
You barely miss the adder. Your bite misses the adder.
The adder bites you but does no damage. x2
You slash the adder!
You kill the adder!
You feel sick. The adder bites you.
You are more poisoned.
The adder poisons you!
You miss the adder.
You feel sick. You block the adder's attack. The adder barely misses you.
You barely miss the adder. Your bite misses the adder. You hit the worm.
You feel sick. The adder closely misses you. You block the adder's attack.
The worm bites you.
You miss the adder. You bite the adder, but do no damage. You slash the worm!
You feel sick.
You block the adder's attack. x2; The worm bites you!
You die...

.... #...# .#
###.#..### .. ..
#..........## ..
...#..#######..# )#
#.#..#~~~~~#..# .#
.....#~~\~~'..# .#
#!..#~~~~~#..##w#
##.#######.SS@.# #.
#..........###.#
#...###.....)........
#......#.####.....#...
##.###.#.# #.#########
#.#.# #.# ###.###.#.#
#.# .......#..# #.#
#######.######.#


You could see a worm and 2 adders.

Vanquished Creatures
  Robin (D:2)
  5 adders
  A worm (D:3)
  An orc (D:3)
  3 giant cockroaches
  10 goblins
  3 hobgoblins
  4 jackals
  A quokka (D:3)
  A bat (D:3)
  A frilled lizard (D:2)
  2 rats
33 creatures vanquished.

Notes
Turn   | Place    | Note
-------+----------+-------------------------------------------
     0 | D:1      | Duffy the Vine Stalker Fighter began the quest for the Orb.
     0 | D:1      | Reached XP level 1. HP: 11/11 MP: 2/2
   479 | D:1      | Reached XP level 2. HP: 16/16 MP: 3/3
   537 | D:2      | Noticed Robin
   557 | D:2      | Reached XP level 3. HP: 16/20 MP: 4/4
   631 | D:2      | Killed Robin
   675 | D:3      | Gained mutation: Your natural rate of healing is unusually
                  | fast. [Vine Stalker growth]
   675 | D:3      | Reached XP level 4. HP: 12/24 MP: 5/5
   686 | D:3      | Noticed Ijyb
   862 | D:3      | Found a glowing drain.
   903 | D:3      | Slain by a worm

Vault maps used:
D:1:      kilobyte_arrival_exit_the_forest, minmay_shallow_snake_nest
D:2:      first_ration, uniq_natasha, uniq_robin
D:3:      yredelemnul_forgotten_temple_becter, gup_sewer_entry_glass, uniq_ijyb

Skill      XL: |  1  2  3  4 |
---------------+-------------+-----
Axes           | 2 3 |  3.2
Fighting       | 3 |  3.8
Armour         | |  2.4
Shields        | |  2.6

Action                   |  1- 3 |  4- 6 || total
-------------------------+-------+-------++-------
Melee: War axe           |    65 |    38 ||   103
       Bite              |    13 |     9 ||    22
Armor: Scale mail        |    35 |    17 ||    52
Dodge: Dodged            |    22 |    15 ||    37
Block: Shield            |    31 |    14 ||    45

Table legend:
 A = Non-vault XP
 B = Vault XP
 C = Vault XP percentage of total XP
 D = Non-vault monster count
 E = Vault monster count
 F = Vault count percentage of total count
                 A         B        C        D         E       F
            +---------+---------+-------+---------+---------+-------
      Total |      60 |      74 |  55.2 |      19 |      14 |  42.4
            +---------+---------+-------+---------+---------+-------
        D:1 |      11 |       0 |   0.0 |       6 |       0 |   0.0
        D:2 |      14 |      34 |  70.8 |       2 |      11 |  84.6
        D:3 |      35 |      40 |  53.3 |      11 |       3 |  21.4
            +---------+---------+-------+---------+---------+-------
